 Dungeon Crawl Stone Soup version 0.28-a0-664-gc179e30c89 (webtiles) character file.

Game seed: 12519771855986249287

128 Rennog the Skirmisher (level 5, -2/35 HPs)
             Began as a Gargoyle Fighter on Oct 15, 2021.
             Slain by Grinder (3 damage)
             ... on level 3 of the Dungeon.
             The game lasted 00:03:54 (2253 turns).

Rennog the Skirmisher (Gargoyle Fighter)            Turns: 2253, Time: 00:03:54

Health: -2/35      AC: 12    Str: 19    XL:     5   Next: 12%
Magic:  5/5        EV: 10    Int:  9    God:
Gold:   101        SH:  4    Dex: 10    Spells: 4/4 levels left

rFire   . . .      SeeInvis .   a - +0 flail
rCold   . . .      Faith    .   c - +0 buckler
rNeg    + . .      Spirit   .   b - +0 scale mail
rPois   ∞          Reflect  .   (no helmet)
rElec   +          Harm     .   (no cloak)
rCorr   .          Rampage  .   (no gloves)
Will    .....                   i - +0 pair of boots
Stlth   ..........              (no amulet)
HPRegen 0.11/turn               (no ring)
MPRegen 0.09/turn               (no ring)

@: no status effects
A: sickness immunity, AC +4, negative energy resistance 1, electricity
resistance, torment resistance 1, petrification resistance
a: no special abilities


You were on level 3 of the Dungeon.
You visited 1 branch of the dungeon, and saw 3 of its levels.

You collected 101 gold pieces.

Inventory:

Hand Weapons
 a - a +0 flail (weapon)
Armour
 b - a +0 scale mail (worn)
 c - a +0 buckler (worn)
 i - a +0 pair of boots (worn)
Scrolls
 f - a scroll of brand weapon {unknown}
 g - 3 scrolls of identify {unknown}
 h - 5 scrolls of teleportation {unknown}
 j - a scroll of magic mapping {unknown}
 k - a scroll of noise {unknown}
 m - a scroll of amnesia {unknown}
 n - a scroll of vulnerability {unknown}
Potions
 d - a potion of might
 e - a potion of flight {unknown}
 l - a potion of invisibility {unknown}
 o - 2 potions of cancellation {unknown}


   Skills:
 * Level 5.0 Fighting
 + Level 3.0 Maces & Flails
 - Level 3.2 Armour
 + Level 1.6 Dodging
 - Level 3.2 Shields


You had 4 spell levels left.
You didn't know any spells.
Your spell library contained the following spells:

 Spells                   Type           Power      Damage    Failure   Level
 Inner Flame              Hex/Fire       0%         N/A       98%         3
 Cause Fear               Hex            0%         N/A       100%        4
 Discord                  Hex            0%         N/A       100%        8


Dungeon Overview and Level Annotations

Branches:
Dungeon (3/15)

Altars:
Gozag

Annotations:
D:2 Sigmund
D:3 Grinder


Innate Abilities, Weirdness & Mutations

You are immune to sickness and miasma.
Your stone body is resilient. (AC +4)
You are immune to poison.
You resist negative energy. (rN+)
You are resistant to electric shocks. (rElec)
You are resistant to unholy torment.
You are immune to petrification.


Message History

Pain shoots through your body!
You closely miss Grinder.
Grinder is moderately wounded.
Grinder closely misses you.
You hit Grinder.
Grinder is moderately wounded.
Grinder blinks!
You closely miss Grinder.
Grinder is moderately wounded.
Grinder hits you but does no damage.
You sock Grinder!
Grinder is heavily wounded.
Grinder closely misses you.
You closely miss Grinder.
Grinder is heavily wounded.
Grinder misses you.
You hit Grinder but do no damage.
Grinder is heavily wounded.
Grinder hits you but does no damage. Grinder gestures at you.
You barely resist. You hit Grinder but do no damage.
Grinder is heavily wounded.
Grinder barely misses you.
You barely miss Grinder.
Grinder is heavily wounded.
Grinder closely misses you.
You barely miss Grinder.
Grinder is heavily wounded.
Grinder hits you!
* * * LOW HITPOINT WARNING * * *
You writhe in agony.
* * * LOW HITPOINT WARNING * * *
Grinder hits you but does no damage.
You closely miss Grinder.
Grinder is heavily wounded.
Grinder hits you.
* * * LOW HITPOINT WARNING * * *
You writhe in agony.
You die...

... ##.....### #...
....#..$...).## #...
....#.........# #...
.......(....#.# ###.
#......##..# ###.
#.#...## #..# #...
#..#.######.#####.##
##...........#......
########@#.....##...##.##
.......#5#....#...#....#
..........#..#......####
.......#...###......#
##.#####....###.....#
#....#..#.......
#...#....#.#####
#.##.....#... .
#............. .


You could see Grinder.

Vanquished Creatures
  An orc wizard (D:3)
  3 adders
  A dart slug (D:2)
  7 orcs (D:3)
  6 endoplasms
  4 giant cockroaches
  2 goblins
  6 hobgoblins
  5 jackals
  6 kobolds
  A quokka (D:1)
  3 ball pythons
  6 bats
  3 frilled lizards
  7 rats
61 creatures vanquished.

Notes
Turn   | Place    | Note
-------+----------+-------------------------------------------
     0 | D:1      | Rennog the Gargoyle Fighter began the quest for the Orb.
     0 | D:1      | Reached XP level 1. HP: 14/14 MP: 1/1
   319 | D:1      | Reached XP level 2. HP: 19/19 MP: 2/2
   835 | D:1      | Reached skill level 4 in Fighting
   835 | D:1      | Reached XP level 3. HP: 24/24 MP: 3/3
  1089 | D:2      | Noticed Sigmund
  1169 | D:2      | Found an opulent altar of Gozag.
  1198 | D:2      | Reached skill level 1 in Dodging
  1581 | D:2      | Reached XP level 4. HP: 29/30 MP: 4/4
  2087 | D:3      | Found a faded altar of an unknown god.
  2140 | D:3      | Reached XP level 5. HP: 34/34 MP: 5/5
  2210 | D:3      | Noticed Grinder
  2240 | D:3      | Reached skill level 5 in Fighting
  2253 | D:3      | HP: 1/35 [Grinder (6)]
  2253 | D:3      | Slain by Grinder

Illustrated notes

Levels and vault maps discovered:
D:1:      scummos_arrival_forest, layout_basic
D:2:      layout_rooms, basic_altar, uniq_sigmund
D:3:      layout_rooms, hellmonk_ecumenical_altar_dog_temple,
          minmay_misc_feat_chi, uniq_grinder

Skill      XL: |  1  2  3  4  5 |
---------------+----------------+-----
Fighting       | 4 5 |  5.0
Dodging        | 1 |  1.6
Maces & Flails | 3 |  3.0
Armour         | |  3.2
Shields        | |  3.2

Action                   |  1- 3 |  4- 6 || total
-------------------------+-------+-------++-------
Melee: Flail             |   145 |    97 ||   242
Armor: Scale mail        |   123 |    51 ||   174
Dodge: Dodged            |    85 |    45 ||   130
Block: Buckler           |    28 |    23 ||    51

Table legend: (Time is in decaauts)
 A = Elapsed time spent in this place.
 B = Non-inter-level travel time spent in this place.
 C = Inter-level travel time spent in this place.
 D = Time resting spent in this place.
 E = Time spent auto-exploring this place.
 F = Levels seen in this place.
 G = Mean time per level.
                   A        B        C        D        E       F      G
               +--------+--------+--------+--------+--------+-----+--------+
         Total |   2324 |   2236 |     88 |      0 |   1675 |   3 |  774.7 |
       Dungeon |   2324 |   2236 |     88 |      0 |   1675 |   3 |  774.7 |
               +--------+--------+--------+--------+--------+-----+--------+

Top non-repeatable levels by time:
     D:1: 1064 daAuts
     D:2: 721 daAuts
     D:3: 539 daAuts
